 Dungeon Crawl Stone Soup version 0.26.1-11-gd32895ea62 (webtiles) character file.

Game seed: 14975401823882774924

474 hawla the Conjurer (level 6, -4/34 HPs)
             Began as a Deep Elf Conjurer on May 23, 2021.
             Was an Initiate of Vehumet.
             Slain by a sky beast (6 damage)
             ... on level 4 of the Dungeon.
             The game lasted 00:10:31 (3492 turns).

hawla the Conjurer (Deep Elf Conjurer)              Turns: 3492, Time: 00:10:32

Health: -4/34      AC:  4    Str:  4      XL:     6   Next: 84%
Magic:  2/14       EV: 13    Int: 23 (25) God:    Vehumet [......]
Gold:   182        SH:  0    Dex: 13      Spells: 6/13 levels left

rFire    . . .     SeeInvis .   d - +1 dagger (vamp)
rCold    . . .     Faith    .   (no shield)
rNeg     . . .     Spirit   .   g - +2 robe {Will+}
rPois    .         Reflect  .   (no helmet)
rElec    .         Harm     .   (no cloak)
rCorr    .         Rampage  .   (no gloves)
Will     +....     Rnd*Tele +   (no boots)
Stlth    ++........             h - amulet of inaccuracy (curse)
HPRegen  0.11/turn              j - ring of teleportation (curse)
MPRegen  0.14/turn              (no ring)

@: no status effects
A: no striking features
a: Renounce Religion


You were on level 4 of the Dungeon.
You worshipped Vehumet.
Vehumet was noncommittal.
You visited 2 branches of the dungeon, and saw 6 of its levels.

You collected 182 gold pieces.

Inventory:

Hand Weapons
 d - a +1 vampiric dagger (weapon)
Armour
 g - a +2 robe of willpower (worn)
Jewellery
 h - a cursed amulet of inaccuracy (around neck)
 j - a cursed ring of teleportation (left hand)
Wands
 b - a wand of iceblast (9)
Scrolls
 f - a scroll of amnesia
 k - a scroll of enchant armour


   Skills:
 + Level 1.2 Fighting
 + Level 0.8 Short Blades
 + Level 2.7 Dodging
 + Level 3.0 Stealth
 + Level 4.2 Spellcasting
 + Level 7.1 Conjurations
 + Level 3.2 Translocations
 + Level 1.0 Evocations


You had 6 spell levels left.
You knew the following spells:

 Your Spells              Type           Power        Failure   Level
a - Magic Dart            Conj           100%         1%          1
b - Searing Ray           Conj           74%          1%          2
c - Iskenderun's Mystic   Conj/Tloc      28%          12%         4

Your spell library contained the following spells:

 Spells                   Type           Power        Failure   Level
 Dazzling Flash           Conj/Hex       42%          7%          3
 Fulminant Prism          Conj/Hex       10%          24%         4


Dungeon Overview and Level Annotations

Branches:
Dungeon (5/15)             Temple (1/1) D:4

Altars:
Ashenzari
Cheibriados
Dithmenos
Elyvilon
Fedhas
Gozag
Kikubaaqudgha
Makhleb
Nemelex Xobeh
Okawaru
Qazlal
Ru
Sif Muna
Uskayaw
Vehumet
Wu Jian
Yredelemnul
Zin
The Shining One


Message History

The gnoll is almost dead.
The gnoll is knocked back by the mystic blast.
The mystic blast hits the sky beast.
The sky beast is heavily wounded.
The sky beast is knocked back by the mystic blast.
The sky beast collides with the gnoll!
The gnoll closely misses you. The sky beast misses you.
There is an escape hatch in the ceiling here.
The sky beast flickers out of sight!
Deactivating autopickup; reactivate with Ctrl-A.
Something hits you. Something shocks you.
* * * LOW HITPOINT WARNING * * *
A mysterious force pulls you upwards. The hatch slams shut behind you.
Reactivating autopickup.
You start resting.
Something hits you but does no damage.
Deactivating autopickup; reactivate with Ctrl-A.
You closely miss something. Something hits you.
* * * LOW HITPOINT WARNING * * *
Something shocks you.
You die...

#..# # #.. #
#.. # ...
#.# #.# #.#
#.# #@#
#...........
#.#....#####
.. .....# ##
......#
#....#.#
#.##.#.# #.
....#


There were no monsters in sight!

Vanquished Creatures
  Menkaure (D:5)
  An ogre (D:5)
  4 orc wizards (D:5)
  An orc priest (D:5)
  3 gnolls (D:2)
  4 adders
  A white imp (D:5)
  An ufetubus (D:5)
  An adder skeleton (D:5)
  3 worms (D:2)
  A leopard gecko (D:3)
  4 orcs (D:5)
  A ball python (D:3)
  6 giant cockroaches
  8 goblins
  3 hobgoblins
  9 bats
  2 frilled lizards (D:2)
  4 kobolds
  5 rats
63 creatures vanquished.

Vanquished Creatures (others)
  An orc (D:5)
1 creature vanquished.

Grand Total: 64 creatures vanquished

Notes
Turn   | Place    | Note
-------+----------+-------------------------------------------
     0 | D:1      | hawla the Deep Elf Conjurer began the quest for the Orb.
     0 | D:1      | Reached XP level 1. HP: 10/10 MP: 6/6
   594 | D:2      | You fall into a shaft and drop 1 floor!
   597 | D:3      | Reached XP level 2. HP: 16/16 MP: 5/8
   636 | D:3      | Learned a level 2 spell: Searing Ray
   670 | D:2      | Reached skill level 1 in Translocations
   749 | D:2      | Reached skill level 1 in Fighting
   749 | D:2      | Reached XP level 3. HP: 15/20 MP: 3/10
  1082 | D:2      | Found a faded altar of an unknown god.
  1515 | D:2      | Reached XP level 4. HP: 25/25 MP: 9/12
  1520 | D:2      | Learned a level 4 spell: Iskenderun's Mystic Blast
  1756 | D:2      | Reached skill level 5 in Conjurations
  2800 | D:4      | Found a staircase to the Ecumenical Temple.
  2816 | Temple   | Entered the Ecumenical Temple
  2975 | Temple   | Became a worshipper of Vehumet
  3126 | D:4      | You fall into a shaft and drop 1 floor!
  3126 | D:5      | Entered Level 5 of the Dungeon
  3266 | D:5      | Found a stormy altar of Qazlal.
  3266 | D:5      | Found a sacrificial altar of Ru.
  3266 | D:5      | Found a basalt altar of Yredelemnul.
  3266 | D:5      | Found a glowing silver altar of Zin.
  3271 | D:5      | Reached XP level 5. HP: 16/29 MP: 1/13
  3276 | D:5      | Reached skill level 6 in Conjurations
  3286 | D:5      | Noticed an ogre
  3295 | D:5      | Killed an ogre
  3296 | D:5      | Reached XP level 6. HP: 34/34 MP: 4/14
  3298 | D:5      | Reached skill level 7 in Conjurations
  3391 | D:5      | Found a burning altar of Makhleb.
  3394 | D:5      | Found a shadowy altar of Dithmenos.
  3395 | D:5      | Noticed Menkaure
  3398 | D:5      | Killed Menkaure
  3399 | D:5      | Reached skill level 1 in Evocations
  3423 | D:5      | Found an iron altar of Okawaru.
  3425 | D:5      | Found a broken altar of Ashenzari.
  3455 | D:5      | Noticed a sky beast
  3492 | D:4      | Slain by a sky beast

Illustrated notes

Levels and vault maps discovered:
D:1:      lightli_molten_gateway, layout_rooms
D:2:      layout_basic, chequers_ecumenical_altar_simple, serial_corexii_hall,
          corexii_hall_statues_t, corexii_hall_statues_u, minmay_misc_feat_doors
D:3:      layout_rooms, serial_bayou_pond_d
D:4:      layout_loops_corners, minmay_temple_entry_offerings, uniq_duvessa
D:5:      layout_basic, kennysheep_mini_moat, minitemple,
          mrwooster_statue_mirror, hangedman_decor_lopped, uniq_menkaure
Temple:   minmay_temple_curvy_loop

Skill      XL: |  1  2  3  4  5  6 |
---------------+-------------------+-----
Translocations | 1 2 3 |  3.2
Fighting       | 1 |  1.2
Spellcasting   | 4 |  4.2
Conjurations   | 5 6 7 |  7.1
Evocations     | 1 |  1.0
Stealth        | 3 |  3.0
Short Blades   | |  0.8
Dodging        | |  2.7

Action                   |  1- 3 |  4- 6 || total
-------------------------+-------+-------++-------
Melee: Dagger            |    10 |    44 ||    54
 Cast: Magic Dart        |    29 |     7 ||    36
       Searing Ray       |    14 |    20 ||    34
       Iskenderun's Myst |       |     6 ||     6
  Use: Scroll            |     4 |     4 ||     8
       Potion            |       |     4 ||     4
 Stab: Invisible         |       |     5 ||     5
Armor: Robe              |     2 |    22 ||    24
Dodge: Dodged            |     5 |    61 ||    66
